 Dungeon Crawl Stone Soup version 0.23-a0-350-g6fd5563 (webtiles) character file.

22 CLM the Ruffian (level 2, -1/26 HPs)
             Began as a Naga Transmuter on Oct 20, 2018.
             Slain by a leopard gecko (2 damage)
             ... on level 1 of the Dungeon.
             The game lasted 00:01:16 (577 turns).

CLM the Ruffian (Naga Transmuter)                    Turns: 577, Time: 00:01:16

Health: -1/26      AC:  1    Str: 12    XL:     2   Next: 91%
Magic:  0/5        EV: 10    Int: 13    God:
Gold:   8          SH:  0    Dex: 11    Spells: 2/5 levels left

rFire    . . .     SeeInvis +     - Unarmed
rCold    . . .     Gourm    .   (no shield)
rNeg     . . .     Faith    .   b - +0 robe
rPois    +         Spirit   .   (no helmet)
rElec    .         Reflect  .   (no cloak)
rCorr    .         Harm     .   (no gloves)
MR       .....                  (no barding)
Stlth    +.........             (no amulet)
HPRegen  0.08/turn              (no ring)
MPRegen  0.09/turn              (no ring)

@: appendage (expiring), very slightly contaminated, very slow
A: large, horns 2, see invisible, deformed body, poison resistance, slowness 2,
slow metabolism 1, spit poison 1, AC +0
a: Spit Poison, End Transformation


You were on level 1 of the Dungeon.
You were not hungry.
You had grown temporary horns.
You visited 1 branch of the dungeon, and saw 1 of its levels.

You collected 8 gold pieces.

Inventory:

Missiles
 a - 29 arrows
 g - 6 tomahawks (quivered)
Armour
 b - a +0 robe (worn)
Jewellery
 k - an uncursed ring of protection from fire {unknown}
   (You found it on level 1 of the Dungeon)
Scrolls
 c - 2 scrolls of identify {unknown}
 d - a scroll of magic mapping {unknown}
 j - a scroll of remove curse {unknown}
Potions
 f - a potion of curing {unknown}
 i - a potion of degeneration {unknown}
Comestibles
 e - 2 rations {!d}


   Skills:
 + Level 1.7 Fighting
 - Level 1.5 Dodging
 * Level 3.7 Unarmed Combat
 - Level 2.0 Spellcasting
 - Level 2.0 Transmutations


You had 2 spell levels left.
You knew the following spells:

 Your Spells              Type           Power        Failure   Level  Hunger
a - Beastly Appendage     Tmut           #.....       11%         1    ##.....
b - Sticks to Snakes      Tmut           #.......     17%         2    ###....

Your spell library contained the following spells:

 Spells                   Type           Power        Failure   Level  Hunger
 Spider Form              Tmut/Pois      #.........   45%         3    ####...
 Ice Form                 Ice/Tmut       #.......     86%         4    #####..
 Blade Hands              Tmut           #.........   97%         5    ######.


Dungeon Overview and Level Annotations

Branches:
Dungeon (1/15)

Altars:


Innate Abilities, Weirdness & Mutations

You cannot wear boots.
Your serpentine skin is tough. (AC +0)
You have supernaturally acute eyesight. (SInv)
Armour fits poorly on your strangely shaped body.
Your system is resistant to poisons. (rPois)
You cover ground very slowly.
You have a slow metabolism.
You can spit poison.
You have a pair of horns on your head.


Message History

The bat hits you.
You hit the bat.
You kill the bat!
The kobold throws a stone.
The stone hits you.
A frilled lizard comes into view.
The frilled lizard hisses angrily.
You see here a bat corpse.
A leopard gecko comes into view.
The kobold hits you with a +0 dagger.
The leopard gecko hisses angrily.
You see here a bat corpse.
Your horns disappear.
The kobold hits you with a +0 dagger.
* * * LOW HITPOINT WARNING * * *
You see here a stone.
Aim: a leopard gecko (clinging)
The splash of poison misses the kobold.
The splash of poison hits the rat.
You kill the rat!
You feel slightly more hungry. The kobold hits you but does no damage.
You grow a pair of large bovine horns.
The kobold hits you with a +0 dagger.
* * * LOW HITPOINT WARNING * * *
You hit the kobold. The kobold hits you with a +0 dagger.
* * * LOW HITPOINT WARNING * * *
Throwing (i - inventory)
g - 7 tomahawks (quivered)
Aim: a leopard gecko (clinging)
You throw a tomahawk. The tomahawk hits the kobold.
You kill the kobold!
The frilled lizard barely misses you.
You create a snake!
You now have 29 arrows.
The frilled lizard closely misses you.
Casting: Sticks to Snakes (safe; 17% risk of failure)
You miscast Sticks to Snakes.
You are very lightly contaminated with residual magic.
Waves of light ripple over your body.
Your transformation is almost over.
Your ball python misses the frilled lizard.
Your ball python grabs the frilled lizard.
Your ball python constricts the frilled lizard.
The frilled lizard dies!
You hit the leopard gecko but do no damage.
You have got your breath back.
Your ball python barely misses the leopard gecko. x2
The leopard gecko bites you.
* * * LOW HITPOINT WARNING * * *
You closely miss the leopard gecko.
Your ball python barely misses the leopard gecko.
Your ball python grabs the leopard gecko.
Your ball python constricts the leopard gecko.
The leopard gecko bites you.
You die...

##.. ## #.. #. #..
#. #.######## ##.
#........#######..
#.######.....รท....
#.# #########.. #(#
##. #@# ## #l#####
# #.S...# #.###.#
#.# #.# #.. ## #.#
#. #.# #.


You could see a leopard gecko and a friendly ball python.

Vanquished Creatures
  A dart slug (D:1)
  3 bats (D:1)
  3 giant cockroaches (D:1)
  A goblin (D:1)
  2 hobgoblins (D:1)
  2 kobolds (D:1)
  2 frilled lizards (D:1)
  3 rats (D:1)
17 creatures vanquished.

Vanquished Creatures (collateral kills)
  A frilled lizard (D:1)
1 creature vanquished.

Grand Total: 18 creatures vanquished

Notes
Turn   | Place    | Note
-------+----------+-------------------------------------------
     0 | D:1      | CLM the Naga Transmuter began the quest for the Orb.
     0 | D:1      | Reached XP level 1. HP: 18/18 MP: 3/3
   125 | D:1      | Reached XP level 2. HP: 22/25 MP: 3/5
   143 | D:1      | Learned a level 2 spell: Sticks to Snakes
   576 | D:1      | HP: 1/26 [leopard gecko (3)]
   577 | D:1      | Slain by a leopard gecko

Vault maps used:
D:1:      dpeg_arrival_lava_temple_mockup

Action                   || total
-------------------------++-------
Melee: Unarmed           ||    52
       Headbutt          ||     9
       Punch             ||     1
Throw: Tomahawk          ||     2
 Cast: Beastly Appendage ||    10
       Sticks to Snakes  ||     1
 Abil: Spit Poison       ||     1
Armor: Robe              ||    12
Dodge: Dodged            ||    28

Table legend:
 A = Non-vault XP
 B = Vault XP
 C = Vault XP percentage of total XP
 D = Non-vault monster count
 E = Vault monster count
 F = Vault count percentage of total count
                 A         B        C        D         E       F
            +---------+---------+-------+---------+---------+-------
      Total |      32 |       0 |   0.0 |      18 |       0 |   0.0
            +---------+---------+-------+---------+---------+-------
        D:1 |      32 |       0 |   0.0 |      18 |       0 |   0.0
            +---------+---------+-------+---------+---------+-------
